AoeStats
← risingeagle3

Arabia

505848902Analyzed
1v1 RM · 22d ago on Sep 11, 2026· 41m 37s· 2 players
Game mode
Random Map
Map size
Tiny (2 player)
Population
200
Speed
Normal
Resources
Standard
Victory
Conquest
Starting age
Dark Age
Ending age
Imperial Age
RankedLock teamsTeams togetherTeam positionsShared explorationLock speedFull tech treeHidden civsTurbo modeCheats
Victory
Defeat
🇨🇳 Poles · China
1309
+16
🇩🇪 Magyars · Germany
1310
-16
ljw800119
8:36 Loom
10:53 Feudal Age
11:36 Double-Bit Axe
13:29 Wheelbarrow
12:38 Horse Collar
20:59 Castle Age
19:35 Stone Mining
21:00 Forging
20:54 Gold Mining
21:43 Bloodlines
21:07 Pikeman
21:48 Squires
21:59 Heavy Plow
23:22 Iron Casting
23:14 Husbandry
22:34 Light Cavalry
24:25 Scale Barding Armor
24:31 Town Watch
26:58 Szlachta Privileges
29:12 Chain Barding Armor
38:19 Imperial Age
38:46 Cavalier
40:49 Blast Furnace
40:25 Capped Ram
41:44 Conscription
42:34 Crop Rotation
risingeagle3
4:57 Loom
6:27 Loom
9:20 Feudal Age
9:56 Double-Bit Axe
9:52 Horse Collar
20:39 Castle Age
20:16 Scale Barding Armor
20:24 Bloodlines
20:28 Gold Mining
20:31 Fletching
21:27 Bodkin Arrow
22:28 Bow Saw
24:41 Heavy Plow
29:18 Wheelbarrow
34:25 Imperial Age
31:51 Town Watch
32:57 Ballistics
36:52 Husbandry
40:38 Conscription
40:19 Corvinian Army
Connection lost

Rejoining the realm…

Still unreachable

The connection could not be restored.

Session expired

The server has moved on; the page needs a fresh start.